 Dungeon Crawl Stone Soup version 0.29-a0-397-g846e4a0bbc (webtiles) character file.

Game seed: 5095766459629654091

9 Hibirik the Caller (level 2, -3/15 HPs)
             Began as a Kobold Summoner on May 12, 2022.
             Frozen to death by an endoplasm (5 damage)
             ... on level 1 of the Dungeon.
             The game lasted 00:07:51 (396 turns).

Hibirik the Caller (Kobold Summoner)                 Turns: 396, Time: 00:07:52

Health: -3/15      AC:  2    Str:  5    XL:     2   Next: 25%
Magic:  4/5        EV: 15    Int: 16    God:
Gold:   0          SH:  0    Dex: 15    Spells: 4/5 levels left

rFire   . . .      SeeInvis .   c - +0 hand axe
rCold   . . .      Faith    .   (no shield)
rNeg    . . .      Spirit   .   a - +0 robe
rPois   .          Reflect  .   (no helmet)
rElec   .          Harm     .   (no cloak)
rCorr   .          Rampage  .   (no gloves)
Will    .....                   (no boots)
Stlth   +++.......              (no amulet)
HPRegen 0.05/turn               (no ring)
MPRegen 0.09/turn               (no ring)

@: no status effects
A: small, no large weapons, nightstalker 3
a: no special abilities


You were on level 1 of the Dungeon.
You visited 1 branch of the dungeon, and saw 1 of its levels.

Inventory:

Hand Weapons
 c - a +0 hand axe (weapon)
 d - a +0 dagger
 e - a +0 club
Missiles
 f - 2 curare-tipped darts
 g - 24 stones
Armour
 a - a +0 robe (worn)
 h - a +0 pair of boots
 j - a +0 leather armour
Jewellery
 l - a ring of poison resistance
Scrolls
 i - 3 scrolls of identify {unknown}
Potions
 b - a potion of magic
 k - a potion of curing {unknown}


   Skills:
 + Level 2.5 Dodging
 + Level 2.8 Stealth
 + Level 2.4 Spellcasting
 + Level 4.2 Summonings


You had 4 spell levels left.
You knew the following spells:

 Your Spells              Type           Power      Damage    Failure   Level
a - Summon Small Mammal   Summ           60%        N/A       3%          1

Your spell library contained the following spells:

 Spells                   Type           Power      Damage    Failure   Level
 Call Imp                 Summ           15%        N/A       5%          2
 Call Canine Familiar     Summ           15%        N/A       11%         3
 Summon Guardian Golem    Hex/Summ       8%         N/A       26%         3
 Summon Lightning Spire   Summ/Air       8%         N/A       63%         4


Dungeon Overview and Level Annotations

Branches:
Dungeon (1/15)

Altars:

Shops:
D:1 [


Innate Abilities, Weirdness & Mutations

You are small and have problems with some larger weapons.
You are completely attuned to the shadows.


Message History

You hit the bat.
You kill the bat!
A hobgoblin comes into view.
The hobgoblin shouts!
You hear a shout!
Your bat completely misses the hobgoblin.
You swap places.
A goblin comes into view. It is wielding a +0 club.
A dart slug comes into view.
Your rat bites the hobgoblin.
The hobgoblin hits you.
You hit the hobgoblin.
You kill the hobgoblin!
Your bat hits the dart slug but does no damage.
The dart slug launches a dart at you. The slug dart hits your bat.
An endoplasm comes into view.
A hobgoblin comes into view.
An endoplasm comes into view.
Your bat hits the dart slug but does no damage.
Your rat bites the goblin.
The dart slug launches a dart at you. The slug dart hits your bat.
The endoplasm moves out of view.
You see here a hobgoblin corpse.
You barely miss the goblin.
The goblin is severely wounded.
Your bat hits the dart slug but does no damage.
Your rat misses the goblin. The goblin hits you with a +0 club.
You hit the goblin.
You kill the goblin!
Your bat hits the dart slug.
Your rat bites the endoplasm.
The endoplasm barely misses your bat.
Your rat barely misses the endoplasm.
You hit the endoplasm.
The endoplasm is heavily wounded.
Your bat hits the dart slug but does no damage.
The endoplasm closely misses you. The hobgoblin misses your rat.
Your rat bites the endoplasm.
The endoplasm freezes you.
You are frozen.
* * * LOW HITPOINT WARNING * * *
The endoplasm freezes you.
You are frozen.
You die...

.#. .. .. #.#. #.#
#.#J##g......
..w.@Jr..#...#
....b.......... #
............... .
.........#...### ##
........†......... ..
..#....#.#..#.##.# #
..#....#.#..#.##.####
................##.
...................


You could see a dart slug (ally target), 2 endoplasms, a hobgoblin, a friendly
bat (summoned) and a friendly rat (summoned).

Vanquished Creatures
  A goblin (D:1)
  A hobgoblin (D:1)
  A bat (D:1)
3 creatures vanquished.

Vanquished Creatures (collateral kills)
  2 ball pythons (D:1)
  A giant cockroach (D:1)
  2 goblins (D:1)
5 creatures vanquished.

Grand Total: 8 creatures vanquished

Notes
Turn   | Place    | Note
-------+----------+-------------------------------------------
     0 | D:1      | Hibirik the Kobold Summoner began the quest for the Orb.
     0 | D:1      | Reached XP level 1. HP: 10/10 MP: 3/3
   118 | D:1      | Found Soerypp's Antique Armour Shoppe.
   144 | D:1      | Reached XP level 2. HP: 8/15 MP: 3/5
   396 | D:1      | Frozen to death by an endoplasm

Illustrated notes

Levels and vault maps discovered:
D:1:      minmay_arrival_four_circles, layout_basic, serial_shops, shop, shop,
          shop, st_stairs_4

Action                   || total
-------------------------++-------
Melee: Hand axe          ||     9
       Unarmed           ||     1
 Cast: Summon Small Mamm ||     9
 Stab: Sleeping          ||     1
Armor: Robe              ||     4
Dodge: Dodged            ||     6

Table legend: (Time is in decaauts)
 A = Elapsed time spent in this place.
 B = Non-inter-level travel time spent in this place.
 C = Inter-level travel time spent in this place.
 D = Time resting spent in this place.
 E = Time spent auto-exploring this place.
 F = Levels seen in this place.
 G = Mean time per level.
                   A        B        C        D        E       F      G
               +--------+--------+--------+--------+--------+-----+--------+
         Total |    397 |    161 |    236 |      0 |     71 |   1 |  397.0 |
       Dungeon |    397 |    161 |    236 |      0 |     71 |   1 |  397.0 |
               +--------+--------+--------+--------+--------+-----+--------+

Top non-repeatable levels by time:
     D:1: 397 daAuts
